 Dungeon Crawl Stone Soup version 0.21-a0-522-ga8338f0 (webtiles) character file.

191 aronpayne the Cudgeler (level 5, -2/47 HPs)
             Began as a Minotaur Fighter on Dec 7, 2017.
             Slain by a gnoll (5 damage)
             ... on level 3 of the Dungeon.
             The game lasted 00:09:45 (2256 turns).

aronpayne the Cudgeler (Minotaur Fighter)           Turns: 2256, Time: 00:09:46

Health: -2/47      AC:  6    Str: 21    XL:     5   Next: 41%
Magic:  4/4        EV:  7    Int:  5    God:
Gold:   80         SH:  9    Dex: 14    Spells: 4/4 levels left

rFire    . . .     SeeInvis .   e - +3 mace (drain)
rCold    . . .     Gourm    .   c - +0 shield
rNeg     . . .     Faith    .   b - +0 scale mail
rPois    .         Spirit   .   (helmet restricted)
rElec    .         Reflect  .   (no cloak)
rCorr    .         Harm     .   (no gloves)
MR       .....     Rnd*Tele +   (no boots)
Stlth    ..........             (no amulet)
HPRegen  0.15/turn              d - ring of teleportation (curse)
MPRegen  0.09/turn              l - +4 ring of dexterity

@: no status effects
A: retaliatory headbutt, horns 2
a: no special abilities


You were on level 3 of the Dungeon.
You were not hungry.

You visited 1 branch of the dungeon, and saw 3 of its levels.

You collected 80 gold pieces.

Inventory:

Hand Weapons
 e - a +3 mace of draining (weapon)
Missiles
 i - 2 tomahawks (quivered)
Armour
 b - a +0 scale mail (worn)
 c - a +0 shield (worn)
Jewellery
 d - a cursed ring of teleportation (left hand)
 l - a +4 ring of dexterity (right hand)
Wands
 k - a wand of random effects (15)
Scrolls
 s - a scroll of fog {unknown}
Potions
 a - a potion of mutation {unknown}
 g - 2 potions of curing {unknown}
 h - a potion of agility {unknown}
 j - a potion of brilliance {unknown}
 n - a potion of magic {unknown}
 o - 4 potions of flight {unknown}
 r - a potion of heal wounds {unknown}
Comestibles
 f - 2 bread rations
 m - a royal jelly
 p - 7 chunks of flesh


   Skills:
 + Level 4.4 Fighting
 * Level 6.4 Maces & Flails
 - Level 3.6 Armour
 - Level 3.6 Shields


You had 4 spell levels left.
You didn't know any spells.

Dungeon Overview and Level Annotations

Branches:
Dungeon (3/15)

Altars:
Makhleb


Innate Abilities, Weirdness & Mutations

You reflexively headbutt those who attack you in melee.
You have a pair of horns on your head.


Message History

You block the gnoll's attack. You block the gnoll's attack.
You open the door.
A gnoll comes into view. It is wielding a halberd.
You block the gnoll's attack. x2; The gnoll hits you but does no damage.
You hear a blaring wail to the southeast.
You hear a shout! x8; You hear a bark! x3; You hear a shout! x2
You hear a bark! x3; You hear a shout! x2; You hear a bark!
You hear a shout!
You hear a bark!
You hear a shout! x4; You hear an angry hiss.
You hear a shout! x3
You are a level 5 Minotaur Fighter.
You are 41% of the way to level 6.
Play time: 00:08:39 (2256 turns)
Okay, then.
As you read the scroll labeled POIT MOMETIPE, it crumbles to dust.
It is a scroll of enchant weapon.
Your +2 mace of draining glows red for a moment.
The gnoll hits you with a whip.
* * * LOW HITPOINT WARNING * * *
You block the gnoll's attack. x2; The gnoll hits you.
You die...

##### ##### ###
#.... #...##$..#
#....########O...#
#...........#..g.#..
#++#.g.g.)...≈≈....
#ggg.g....≈≈....
#@ggO.!.#....#..
#g############ #.g
#.^. #.... ######


You could see an ogre and 10 gnolls.

Vanquished Creatures
  Natasha (thrice) (D:2)
  A gnoll (D:3)
  4 adders (D:2)
  2 oozes
  A worm (D:2)
  2 dart slugs
  3 leopard geckos
  An orc (D:3)
  3 giant cockroaches
  8 hobgoblins
  5 kobolds
  6 bats
  2 frilled lizards (D:2)
  8 goblins
  9 rats
58 creatures vanquished.

Notes
Turn   | Place    | Note
-------+----------+-------------------------------------------
     0 | D:1      | aronpayne the Minotaur Fighter began the quest for the Orb.
     0 | D:1      | Reached XP level 1. HP: 19/19 MP: 0/0
    88 | D:1      | Reached skill level 3 in Maces & Flails
   176 | D:1      | Reached XP level 2. HP: 26/26 MP: 1/1
   442 | D:1      | Reached skill level 4 in Maces & Flails
   722 | D:1      | Reached XP level 3. HP: 31/31 MP: 2/2
  1095 | D:2      | Reached skill level 5 in Maces & Flails
  1098 | D:2      | Found a burning altar of Makhleb.
  1128 | D:2      | Reached XP level 4. HP: 25/39 MP: 3/3
  1327 | D:2      | Noticed Natasha
  1331 | D:2      | Killed Natasha
  1497 | D:2      | Noticed Natasha
  1502 | D:2      | Killed Natasha
  1698 | D:2      | Reached skill level 6 in Maces & Flails
  1698 | D:2      | Reached XP level 5. HP: 42/46 MP: 4/4
  2006 | D:2      | Noticed Natasha
  2008 | D:2      | Killed Natasha
  2245 | D:3      | Noticed an ogre
  2256 | D:3      | Slain by a gnoll

Vault maps used:
D:1:      saegor_arrival_simple_a
D:2:      bloody_makhleb, serial_co_window_serial, co_window_paths_b,
          co_window_paths_b, co_window_paths_a, co_window_paths_a,
          co_window_of_opportunity_a, co_window_corner_b, co_window_corner_cb,
          co_window_corner_b, co_window_paths_d, glass_columns_b,
          glass_columns_b, glass_columns_b, glass_columns_b, first_bread,
          uniq_natasha
D:3:      lemuel_castle_with_subvaults

Skill      XL: |  1  2  3  4 |
---------------+-------------+-----
Maces & Flails | 3 4 5 6 |  6.4
Fighting       | 4 |  4.4
Armour         | |  3.6
Shields        | |  3.6

Action                   |  1- 3 |  4- 6 || total
-------------------------+-------+-------++-------
Melee: Flail             |     9 |       ||     9
       Mace              |    66 |    39 ||   105
       Headbutt          |     8 |     1 ||     9
  Use: Scroll            |       |     2 ||     2
       Potion            |       |     1 ||     1
  Eat: Chunk             |     1 |     3 ||     4
Armor: Scale mail        |    21 |    10 ||    31
Dodge: Dodged            |    25 |    11 ||    36
Block: Shield            |    36 |    17 ||    53

Table legend:
 A = Spawn XP
 B = Non-spawn XP
 C = Spawn XP percentage of total XP
 D = Spawn monster count
 E = Non-spawn monster count
 F = Spawn count percentage of total count
 G = Total turns spent on level
                    A         B        C        D         E        F      G
               +---------+---------+-------+---------+---------+-------+---------
         Total |       0 |     273 |   0.0 |       0 |      58 |   0.0 |  2256
               +---------+---------+-------+---------+---------+-------+---------
           D:1 |       0 |      47 |   0.0 |       0 |      26 |   0.0 |   846
           D:2 |       0 |     194 |   0.0 |       0 |      22 |   0.0 |  1324
           D:3 |       0 |      32 |   0.0 |       0 |      10 |   0.0 |    86
               +---------+---------+-------+---------+---------+-------+---------
